[ PARTIDA AOE2 · #474846421 ]
Team RMFrancos vs Poles
[ ANÁLISIS DE REPETICIÓN · EXTRAÍDO DE LA PARTIDA GRABADA ]
Feudal
10:51
Castillos
18:07
Imperial
34:58
| APM promedio | 30.0 |
| APM pico | 50 |
| eAPM promedio | 16.2 |
| Aldeanos / militares | 110 / 47 |
Foco
⚔️ 18.1% · 🌾 81.9%
Knight ×30 · Scout Cavalry ×14 · Trebuchet (Packed) ×2 · Monk ×1
Feudal
10:52
Castillos
18:59
Imperial
39:55
| APM promedio | 19.0 |
| APM pico | 43 |
| eAPM promedio | 9.8 |
| Aldeanos / militares | 82 / 95 |
Foco
⚔️ 23.5% · 🌾 76.5%
Scout Cavalry ×40 · Spearman ×38 · Knight ×12 · Monk ×3 · Trebuchet (Packed) ×2
Feudal
8:58
Castillos
12:35
Imperial
30:14
| APM promedio | 25.3 |
| APM pico | 90 |
| eAPM promedio | 11.4 |
| Aldeanos / militares | 108 / 44 |
Foco
⚔️ 18.1% · 🌾 81.9%
Spearman ×16 · Scorpion ×13 · Skirmisher ×11 · Trebuchet (Packed) ×3 · Cavalry Archer ×1
Feudal
10:22
Castillos
22:42
Imperial
36:11
| APM promedio | 19.0 |
| APM pico | 39 |
| eAPM promedio | 12.1 |
| Aldeanos / militares | 85 / 95 |
Foco
⚔️ 30.5% · 🌾 69.5%
Archer ×74 · Spearman ×14 · Trade Cart ×11 · Bombard Cannon ×3 · Mangonel ×2 · Battering Ram ×2
Mapa de la partida
Recursos iniciales + cada clic de construcción. Líneas = muros · curvas = relieve. ◆ oro · ⬟ piedra · ● bayas · ✦ reliquia · ◌ hueco del cierre
Tu base· ✓ Cerrada en 18:07 · 0t muro · 4 puerta(s)
Base de Водитель По Губам· ✓ Cerrada en 18:59 · 0t muro · 2 puerta(s)
Base de CuerVoArG!!!· ✓ Cerrada en 12:35 · 0t muro · 3 puerta(s)
Base de furtlegobelin· ✓ Cerrada en 22:42 · 0t muro · 2 puerta(s)
Terreno inicial suavizado · ◌ = hueco del cierre detectado · pasá el cursor para detalles
Inputs por minuto
— HeXeN - - Водитель По Губам
Build order — HeXeN
Primeras 150 de 252 acciones detectadas
| 0:03 | Construir | House |
| 0:04 | Construir | House |
| 0:16 | Crear | Villager (Male) |
| 0:17 | Crear | Villager (Male) |
| 0:17 | Crear | Villager (Male) |
| 0:17 | Crear | Villager (Male) |
| 0:17 | Crear | Villager (Male) |
| 1:35 | Crear | Villager (Male) |
| 1:35 | Crear | Villager (Male) |
| 2:03 | Crear | Villager (Male) |
| 2:04 | Crear | Villager (Male) |
| 2:46 | Construir | Lumber Camp |
| 2:53 | Crear | Villager (Male) |
| 2:54 | Crear | Villager (Male) |
| 3:12 | Crear | Villager (Male) |
| 3:12 | Crear | Villager (Male) |
| 3:43 | Crear | Villager (Male) |
| 3:43 | Crear | Villager (Male) |
| 3:51 | Construir | House |
| 3:54 | Crear | Villager (Male) |
| 3:54 | Crear | Villager (Male) |
| 4:19 | Crear | Villager (Male) |
| 4:19 | Crear | Villager (Male) |
| 4:52 | Construir | Mill |
| 5:02 | Crear | Villager (Male) |
| 5:02 | Crear | Villager (Male) |
| 6:00 | Crear | Villager (Male) |
| 6:05 | Crear | Villager (Male) |
| 6:05 | Crear | Villager (Male) |
| 6:14 | Construir | House |
| 6:15 | Construir | House |
| 6:24 | Crear | Villager (Male) |
| 6:24 | Crear | Villager (Male) |
| 7:24 | Crear | Villager (Male) |
| 7:24 | Crear | Villager (Male) |
| 7:24 | Crear | Villager (Male) |
| 7:24 | Crear | Villager (Male) |
| 8:41 | Investigar | Feudal Age |
| 9:04 | Construir | Barracks |
| 9:25 | Construir | House |
| 9:29 | Construir | House |
| 9:30 | Construir | House |
| 9:39 | Construir | Farm |
| 9:39 | Construir | Farm |
| 9:41 | Construir | Farm |
| 9:59 | Construir | Farm |
| 10:34 | Construir | Mining Camp |
| 10:49 | Construir | Palisade Gate |
| 10:51 | Edad | Edad Feudal |
| 10:59 | Crear | Villager (Male) |
| 10:59 | Crear | Villager (Male) |
| 10:59 | Crear | Villager (Male) |
| 10:59 | Crear | Villager (Male) |
| 11:00 | Crear | Villager (Male) |
| 11:00 | Crear | Villager (Male) |
| 11:00 | Crear | Villager (Male) |
| 11:05 | Investigar | Double-Bit Axe |
| 11:49 | Construir | Stable |
| 12:06 | Crear | Villager (Male) |
| 12:07 | Crear | Villager (Male) |
| 12:41 | Construir | Farm |
| 12:45 | Construir | Farm |
| 13:12 | Construir | Farm |
| 13:13 | Construir | Farm |
| 13:25 | Construir | Lumber Camp |
| 13:30 | Construir | Farm |
| 14:41 | Construir | Blacksmith |
| 14:53 | Construir | Farm |
| 15:13 | Crear | Scout Cavalry |
| 15:27 | Investigar | Castle Age |
| 15:27 | Investigar | Castle Age |
| 15:35 | Construir | Mining Camp |
| 15:57 | Crear | Scout Cavalry |
| 15:57 | Crear | Scout Cavalry |
| 16:07 | Construir | Stable |
| 16:54 | Crear | Scout Cavalry |
| 16:58 | Investigar | Forging |
| 17:05 | Crear | Scout Cavalry |
| 17:11 | Construir | Stable |
| 17:28 | Investigar | Stone Mining |
| 17:45 | Crear | Scout Cavalry |
| 17:45 | Crear | Scout Cavalry |
| 18:07 | Edad | Edad de los Castillos |
| 18:13 | Crear | Villager (Male) |
| 18:13 | Crear | Villager (Male) |
| 18:13 | Crear | Villager (Male) |
| 18:29 | Construir | Town Center |
| 18:52 | Crear | Scout Cavalry |
| 18:56 | Crear | Villager (Male) |
| 19:15 | Investigar | Scale Mail Armor |
| 19:24 | Construir | Farm |
| 19:25 | Construir | Farm |
| 19:52 | Crear | Knight |
| 19:54 | Crear | Scout Cavalry |
| 20:41 | Crear | Villager (Male) |
| 20:42 | Crear | Villager (Male) |
| 20:55 | Crear | Scout Cavalry |
| 20:56 | Crear | Scout Cavalry |
| 21:55 | Crear | Villager (Male) |
| 21:55 | Crear | Villager (Male) |
| 21:56 | Crear | Villager (Male) |
| 21:56 | Crear | Villager (Male) |
| 21:56 | Crear | Villager (Male) |
| 22:57 | Construir | Castle |
| 23:16 | Construir | Monastery |
| 23:19 | Construir | Market |
| 23:26 | Construir | University |
| 23:48 | Crear | Villager (Male) |
| 23:48 | Crear | Villager (Male) |
| 23:49 | Crear | Villager (Male) |
| 23:49 | Crear | Villager (Male) |
| 23:53 | Investigar | Gold Mining |
| 24:06 | Crear | Monk |
| 24:15 | Construir | House |
| 24:16 | Construir | House |
| 24:18 | Construir | House |
| 24:19 | Construir | House |
| 24:43 | Crear | Villager (Male) |
| 24:44 | Crear | Villager (Male) |
| 25:24 | Crear | Villager (Male) |
| 25:24 | Crear | Villager (Male) |
| 25:25 | Crear | Villager (Male) |
| 25:25 | Crear | Villager (Male) |
| 26:03 | Crear | Villager (Male) |
| 26:03 | Crear | Villager (Male) |
| 26:04 | Crear | Villager (Male) |
| 26:04 | Crear | Villager (Male) |
| 26:04 | Crear | Villager (Male) |
| 26:24 | Construir | Mining Camp |
| 26:44 | Construir | Farm |
| 26:46 | Construir | Farm |
| 26:48 | Crear | Villager (Male) |
| 26:48 | Crear | Villager (Male) |
| 26:48 | Crear | Villager (Male) |
| 26:48 | Crear | Villager (Male) |
| 27:13 | Construir | Farm |
| 27:13 | Construir | Farm |
| 27:13 | Construir | Farm |
| 27:13 | Construir | Farm |
| 27:13 | Construir | Farm |
| 27:13 | Construir | Farm |
| 27:14 | Construir | Farm |
| 27:14 | Construir | Farm |
| 27:14 | Construir | Farm |
| 27:34 | Construir | Castle |
| 27:42 | Crear | Knight |
| 27:43 | Crear | Scout Cavalry |
| 27:43 | Crear | Scout Cavalry |
| 27:43 | Crear | Scout Cavalry |
| 28:49 | Construir | Farm |
Build order — Водитель По Губам
Primeras 150 de 224 acciones detectadas
| 0:04 | Crear | Villager (Male) |
| 0:05 | Crear | Villager (Male) |
| 0:13 | Construir | House |
| 0:14 | Construir | House |
| 0:45 | Crear | Villager (Male) |
| 0:45 | Crear | Villager (Male) |
| 1:18 | Construir | Lumber Camp |
| 1:41 | Crear | Villager (Male) |
| 2:22 | Investigar | Loom |
| 2:26 | Crear | Villager (Male) |
| 2:58 | Crear | Villager (Male) |
| 3:39 | Crear | Villager (Male) |
| 3:40 | Crear | Villager (Male) |
| 3:56 | Construir | House |
| 4:26 | Crear | Villager (Male) |
| 4:39 | Construir | House |
| 5:03 | Crear | Villager (Male) |
| 5:03 | Crear | Villager (Male) |
| 5:04 | Crear | Villager (Male) |
| 5:04 | Crear | Villager (Male) |
| 5:54 | Construir | Mill |
| 6:01 | Crear | Villager (Male) |
| 6:01 | Crear | Villager (Male) |
| 6:02 | Crear | Villager (Male) |
| 6:02 | Crear | Villager (Male) |
| 7:18 | Crear | Villager (Male) |
| 7:18 | Crear | Villager (Male) |
| 8:42 | Investigar | Feudal Age |
| 8:43 | Investigar | Feudal Age |
| 9:47 | Construir | Barracks |
| 10:04 | Crear | Villager (Male) |
| 10:04 | Crear | Villager (Male) |
| 10:05 | Crear | Villager (Male) |
| 10:05 | Crear | Villager (Male) |
| 10:33 | Construir | Farm |
| 10:34 | Construir | Farm |
| 10:35 | Construir | Farm |
| 10:37 | Construir | Farm |
| 10:39 | Construir | Farm |
| 10:52 | Edad | Edad Feudal |
| 10:55 | Crear | Villager (Male) |
| 10:56 | Crear | Villager (Male) |
| 10:56 | Crear | Villager (Male) |
| 10:56 | Crear | Villager (Male) |
| 11:12 | Investigar | Double-Bit Axe |
| 11:42 | Investigar | Wheelbarrow |
| 12:42 | Construir | Farm |
| 13:19 | Construir | Farm |
| 13:21 | Construir | Farm |
| 13:30 | Construir | Market |
| 13:43 | Construir | Mining Camp |
| 13:52 | Crear | Villager (Male) |
| 13:52 | Crear | Villager (Male) |
| 13:53 | Crear | Villager (Male) |
| 13:59 | Construir | House |
| 14:00 | Construir | House |
| 14:02 | Construir | House |
| 14:03 | Construir | House |
| 15:36 | Construir | Blacksmith |
| 15:54 | Construir | Stable |
| 16:19 | Investigar | Castle Age |
| 16:32 | Construir | Farm |
| 16:34 | Construir | Farm |
| 16:36 | Construir | Farm |
| 16:38 | Construir | Farm |
| 17:00 | Construir | Mining Camp |
| 17:15 | Construir | Farm |
| 18:10 | Construir | Lumber Camp |
| 18:46 | Crear | Villager (Male) |
| 18:46 | Crear | Villager (Male) |
| 18:47 | Crear | Villager (Male) |
| 18:47 | Crear | Villager (Male) |
| 18:47 | Crear | Villager (Male) |
| 18:47 | Crear | Villager (Male) |
| 18:48 | Crear | Villager (Male) |
| 18:48 | Crear | Villager (Male) |
| 18:59 | Edad | Edad de los Castillos |
| 19:09 | Construir | Town Center |
| 19:28 | Investigar | Light Cavalry (upgrade) |
| 19:35 | Crear | Spearman |
| 19:36 | Crear | Spearman |
| 19:36 | Crear | Spearman |
| 19:36 | Crear | Spearman |
| 19:37 | Crear | Spearman |
| 19:37 | Crear | Spearman |
| 19:37 | Crear | Spearman |
| 19:37 | Crear | Spearman |
| 19:37 | Crear | Spearman |
| 19:38 | Crear | Spearman |
| 20:09 | Investigar | Pikeman (upgrade) |
| 20:24 | Construir | Stable |
| 20:32 | Investigar | Bow Saw |
| 21:08 | Investigar | Forging |
| 21:37 | Crear | Villager (Male) |
| 21:37 | Crear | Villager (Male) |
| 22:01 | Crear | Spearman |
| 22:02 | Crear | Spearman |
| 22:02 | Crear | Spearman |
| 22:19 | Crear | Scout Cavalry |
| 22:19 | Crear | Scout Cavalry |
| 22:50 | Investigar | Scale Mail Armor |
| 22:58 | Investigar | Bloodlines |
| 23:51 | Crear | Scout Cavalry ×3 |
| 23:51 | Crear | Scout Cavalry ×3 |
| 23:58 | Construir | House |
| 23:59 | Construir | House |
| 24:00 | Construir | House |
| 24:01 | Construir | House |
| 24:07 | Crear | Spearman |
| 24:08 | Crear | Spearman |
| 24:08 | Crear | Spearman |
| 24:08 | Crear | Spearman |
| 24:08 | Crear | Spearman |
| 24:15 | Construir | Farm |
| 25:10 | Investigar | Husbandry |
| 25:56 | Crear | Villager (Male) |
| 25:57 | Crear | Villager (Male) |
| 25:57 | Crear | Villager (Male) |
| 25:57 | Crear | Villager (Male) |
| 25:57 | Crear | Villager (Male) |
| 26:02 | Crear | Villager (Male) |
| 26:02 | Crear | Villager (Male) |
| 26:02 | Crear | Villager (Male) |
| 26:03 | Crear | Villager (Male) |
| 26:03 | Crear | Villager (Male) |
| 26:08 | Construir | Farm |
| 26:09 | Construir | Farm |
| 26:10 | Construir | Farm |
| 26:19 | Construir | Town Center |
| 26:29 | Construir | House |
| 26:30 | Construir | House |
| 26:31 | Construir | House |
| 26:32 | Construir | House |
| 26:56 | Construir | Monastery |
| 27:30 | Crear | Monk |
| 27:30 | Crear | Monk |
| 27:41 | Construir | Lumber Camp |
| 27:51 | Crear | Scout Cavalry ×5 |
| 27:51 | Crear | Scout Cavalry ×5 |
| 27:51 | Crear | Scout Cavalry ×2 |
| 28:05 | Construir | Watch Tower |
| 28:36 | Crear | Monk |
| 28:42 | Construir | House |
| 28:43 | Construir | House |
| 28:44 | Construir | House |
| 28:49 | Crear | Villager (Male) |
| 28:50 | Crear | Villager (Male) |
| 28:50 | Crear | Villager (Male) |
| 28:50 | Crear | Villager (Male) |
| 28:50 | Crear | Villager (Male) |
Build order — CuerVoArG!!!
Primeras 150 de 271 acciones detectadas
| 0:02 | Crear | Villager (Male) |
| 0:02 | Crear | Villager (Male) |
| 0:02 | Crear | Villager (Male) |
| 0:02 | Crear | Villager (Male) |
| 0:02 | Crear | Villager (Male) |
| 0:07 | Construir | House |
| 1:31 | Crear | Villager (Male) |
| 1:31 | Crear | Villager (Male) |
| 1:49 | Construir | House |
| 1:50 | Construir | House |
| 1:51 | Construir | House |
| 1:58 | Crear | Villager (Male) |
| 1:58 | Crear | Villager (Male) |
| 1:58 | Crear | Villager (Male) |
| 2:13 | Construir | Mill |
| 2:34 | Crear | Villager (Male) |
| 2:34 | Crear | Villager (Male) |
| 2:34 | Crear | Villager (Male) |
| 2:55 | Crear | Villager (Male) |
| 2:55 | Crear | Villager (Male) |
| 3:21 | Crear | Villager (Male) |
| 3:21 | Crear | Villager (Male) |
| 3:45 | Crear | Villager (Male) |
| 3:45 | Crear | Villager (Male) |
| 3:45 | Crear | Villager (Male) |
| 4:19 | Crear | Villager (Male) |
| 4:19 | Crear | Villager (Male) |
| 5:08 | Crear | Villager (Male) |
| 5:09 | Crear | Villager (Male) |
| 5:41 | Crear | Villager (Male) |
| 5:41 | Crear | Villager (Male) |
| 5:42 | Crear | Villager (Male) |
| 5:42 | Crear | Villager (Male) |
| 6:48 | Investigar | Feudal Age |
| 8:54 | Construir | Lumber Camp |
| 8:58 | Edad | Edad Feudal |
| 9:02 | Crear | Villager (Male) |
| 9:20 | Crear | Villager (Male) |
| 9:55 | Investigar | Castle Age |
| 10:05 | Construir | House |
| 10:45 | Investigar | Horse Collar |
| 10:48 | Investigar | Double-Bit Axe |
| 11:34 | Crear | Villager (Male) |
| 11:35 | Crear | Villager (Male) |
| 11:36 | Crear | Villager (Male) |
| 12:19 | Crear | Villager (Male) |
| 12:35 | Edad | Edad de los Castillos |
| 12:39 | Construir | Town Center |
| 13:03 | Construir | Farm |
| 13:08 | Construir | Farm |
| 13:23 | Construir | Town Center |
| 13:47 | Crear | Villager (Male) |
| 13:50 | Crear | Villager (Male) |
| 13:50 | Crear | Villager (Male) |
| 13:56 | Construir | Farm |
| 13:57 | Construir | Farm |
| 14:12 | Construir | House |
| 14:13 | Construir | House |
| 14:18 | Investigar | Loom |
| 14:33 | Crear | Villager (Male) |
| 14:43 | Crear | Villager (Male) |
| 15:07 | Crear | Villager (Male) |
| 15:13 | Construir | Archery Range |
| 15:25 | Crear | Villager (Male) |
| 15:27 | Crear | Villager (Male) |
| 15:33 | Construir | Farm |
| 15:58 | Crear | Villager (Male) |
| 16:11 | Construir | Farm |
| 16:11 | Construir | Farm |
| 16:11 | Construir | Farm |
| 16:12 | Construir | Farm |
| 16:13 | Construir | Farm |
| 16:23 | Construir | Farm |
| 16:29 | Construir | House |
| 16:30 | Construir | House |
| 16:33 | Crear | Skirmisher |
| 16:41 | Crear | Villager (Male) |
| 17:01 | Construir | Farm |
| 17:02 | Construir | Farm |
| 17:06 | Crear | Villager (Male) |
| 17:17 | Construir | Blacksmith |
| 17:21 | Crear | Skirmisher |
| 17:22 | Crear | Skirmisher |
| 17:35 | Construir | Farm |
| 17:36 | Construir | Farm |
| 17:43 | Crear | Villager (Male) |
| 17:45 | Crear | Villager (Male) |
| 17:54 | Crear | Villager (Male) |
| 17:54 | Crear | Villager (Male) |
| 18:03 | Construir | Farm |
| 18:15 | Construir | Siege Workshop |
| 18:21 | Crear | Skirmisher |
| 18:32 | Investigar | Heavy Plow |
| 18:33 | Investigar | Heavy Plow |
| 18:44 | Construir | Farm |
| 18:55 | Construir | Farm |
| 18:58 | Crear | Villager (Male) |
| 19:00 | Crear | Villager (Male) |
| 19:03 | Crear | Villager (Male) |
| 19:03 | Crear | Villager (Male) |
| 19:13 | Construir | House |
| 19:14 | Construir | House |
| 19:17 | Crear | Scorpion |
| 19:26 | Crear | Villager (Male) |
| 19:31 | Crear | Villager (Male) |
| 19:39 | Construir | Lumber Camp |
| 19:45 | Crear | Villager (Male) |
| 19:49 | Crear | Cavalry Archer |
| 20:03 | Crear | Scorpion |
| 20:05 | Crear | Scorpion |
| 20:07 | Crear | Villager (Male) |
| 20:09 | Crear | Villager (Male) |
| 20:11 | Crear | Villager (Male) |
| 20:16 | Construir | House |
| 20:19 | Construir | House |
| 20:21 | Construir | House |
| 20:22 | Construir | House |
| 21:31 | Crear | Scorpion |
| 21:31 | Crear | Scorpion |
| 21:31 | Crear | Scorpion |
| 21:32 | Crear | Scorpion |
| 21:43 | Investigar | Elite Skirmisher (upgrade) |
| 21:44 | Crear | Skirmisher |
| 21:44 | Crear | Skirmisher |
| 21:44 | Crear | Skirmisher |
| 21:45 | Crear | Skirmisher |
| 21:45 | Crear | Skirmisher |
| 21:45 | Crear | Skirmisher |
| 21:45 | Crear | Skirmisher |
| 22:13 | Construir | Barracks |
| 22:14 | Construir | Barracks |
| 22:49 | Crear | Villager (Male) |
| 22:50 | Crear | Villager (Male) |
| 22:50 | Crear | Villager (Male) |
| 22:53 | Crear | Villager (Male) |
| 22:53 | Crear | Villager (Male) |
| 22:53 | Crear | Villager (Male) |
| 22:53 | Crear | Villager (Male) |
| 22:58 | Crear | Villager (Male) |
| 22:58 | Crear | Villager (Male) |
| 22:59 | Crear | Villager (Male) |
| 22:59 | Crear | Villager (Male) |
| 22:59 | Crear | Villager (Male) |
| 23:03 | Crear | Villager (Male) |
| 23:03 | Crear | Villager (Male) |
| 23:03 | Crear | Villager (Male) |
| 23:03 | Crear | Villager (Male) |
| 23:03 | Crear | Villager (Male) |
| 23:27 | Investigar | Forging |
| 23:38 | Construir | Farm |
Build order — furtlegobelin
Primeras 150 de 304 acciones detectadas
| 0:04 | Construir | House |
| 0:06 | Construir | House |
| 0:09 | Investigar | Loom |
| 0:10 | Crear | Villager (Male) |
| 0:10 | Crear | Villager (Male) |
| 0:10 | Crear | Villager (Male) |
| 0:54 | Crear | Villager (Male) |
| 2:06 | Crear | Villager (Male) |
| 2:28 | Crear | Villager (Male) |
| 2:46 | Crear | Villager (Male) |
| 3:10 | Construir | Lumber Camp |
| 3:15 | Crear | Villager (Male) |
| 3:15 | Crear | Villager (Male) |
| 4:02 | Construir | House |
| 4:05 | Crear | Villager (Male) |
| 4:30 | Crear | Villager (Male) |
| 5:22 | Crear | Villager (Male) |
| 5:26 | Crear | Villager (Male) |
| 5:45 | Crear | Villager (Male) |
| 5:52 | Construir | Mill |
| 5:56 | Crear | Villager (Male) |
| 6:04 | Construir | House |
| 6:36 | Construir | House |
| 6:46 | Crear | Villager (Male) |
| 7:04 | Crear | Villager (Male) |
| 7:39 | Construir | Mining Camp |
| 8:12 | Investigar | Feudal Age |
| 8:28 | Crear | Villager (Male) |
| 8:29 | Crear | Villager (Male) |
| 9:08 | Construir | Farm |
| 9:10 | Construir | Farm |
| 9:11 | Construir | Farm |
| 9:22 | Crear | Villager (Male) |
| 10:22 | Edad | Edad Feudal |
| 10:29 | Construir | Barracks |
| 10:37 | Crear | Villager (Male) |
| 10:57 | Investigar | Double-Bit Axe |
| 11:21 | Investigar | Horse Collar |
| 11:23 | Crear | Villager (Male) |
| 11:23 | Crear | Villager (Male) |
| 12:03 | Construir | Archery Range |
| 12:08 | Crear | Villager (Male) |
| 12:29 | Crear | Villager (Male) |
| 12:38 | Construir | Blacksmith |
| 12:43 | Construir | House |
| 12:45 | Construir | House |
| 12:47 | Construir | House |
| 12:57 | Crear | Archer |
| 12:58 | Crear | Archer |
| 13:11 | Construir | House |
| 13:25 | Investigar | Gold Mining |
| 13:30 | Investigar | Fletching |
| 13:31 | Investigar | Padded Archer Armor |
| 13:42 | Crear | Archer |
| 13:59 | Crear | Villager (Male) |
| 14:00 | Crear | Villager (Male) |
| 14:05 | Construir | Farm |
| 14:08 | Construir | Farm |
| 14:11 | Construir | Farm |
| 14:17 | Crear | Archer |
| 14:24 | Crear | Villager (Male) |
| 14:34 | Construir | Farm |
| 14:40 | Construir | Farm |
| 14:43 | Construir | Farm |
| 14:46 | Crear | Villager (Male) |
| 14:51 | Construir | House |
| 14:53 | Construir | House |
| 14:58 | Crear | Archer |
| 15:09 | Crear | Archer |
| 15:17 | Crear | Villager (Male) |
| 15:28 | Construir | Farm |
| 16:07 | Construir | Market |
| 16:14 | Crear | Villager (Male) |
| 16:15 | Crear | Villager (Male) |
| 16:24 | Construir | Farm |
| 16:30 | Crear | Archer |
| 16:32 | Crear | Archer |
| 16:47 | Construir | House |
| 16:55 | Construir | Farm |
| 17:07 | Crear | Villager (Male) |
| 17:20 | Construir | Farm |
| 17:26 | Construir | Farm |
| 17:36 | Crear | Villager (Male) |
| 17:40 | Investigar | Wheelbarrow |
| 17:43 | Crear | Archer |
| 18:03 | Construir | Mining Camp |
| 18:20 | Construir | Farm |
| 18:27 | Crear | Archer |
| 18:28 | Crear | Archer |
| 18:29 | Crear | Archer |
| 19:37 | Crear | Villager (Male) |
| 19:51 | Investigar | Castle Age |
| 19:51 | Investigar | Castle Age |
| 20:24 | Crear | Villager (Male) |
| 20:25 | Crear | Villager (Male) |
| 21:08 | Crear | Villager (Male) |
| 21:09 | Crear | Villager (Male) |
| 21:42 | Crear | Villager (Male) |
| 21:46 | Crear | Archer |
| 21:47 | Crear | Archer |
| 21:54 | Construir | Archery Range |
| 22:42 | Edad | Edad de los Castillos |
| 22:47 | Construir | Town Center |
| 22:51 | Crear | Villager (Male) |
| 22:52 | Investigar | Hand Cart |
| 22:54 | Investigar | Bodkin Arrow |
| 22:56 | Investigar | Crossbowman (upgrade) |
| 23:11 | Construir | Siege Workshop |
| 23:25 | Crear | Villager (Male) |
| 23:32 | Crear | Archer |
| 23:32 | Crear | Archer |
| 23:50 | Investigar | Thumb Ring |
| 23:56 | Crear | Archer |
| 23:56 | Crear | Archer |
| 23:58 | Crear | Archer |
| 24:12 | Construir | Farm |
| 24:18 | Construir | House |
| 24:23 | Construir | House |
| 24:28 | Investigar | Leather Archer Armor |
| 24:36 | Crear | Archer |
| 24:36 | Crear | Archer |
| 24:38 | Crear | Archer |
| 24:38 | Crear | Archer |
| 25:10 | Construir | University |
| 25:13 | Crear | Villager (Male) |
| 25:14 | Crear | Villager (Male) |
| 25:14 | Crear | Villager (Male) |
| 25:14 | Crear | Villager (Male) |
| 25:14 | Crear | Villager (Male) |
| 25:16 | Crear | Villager (Male) |
| 25:20 | Crear | Villager (Male) |
| 25:20 | Crear | Villager (Male) |
| 25:21 | Crear | Villager (Male) |
| 25:24 | Crear | Archer |
| 25:25 | Crear | Archer |
| 25:25 | Crear | Archer |
| 26:16 | Construir | Mining Camp |
| 26:30 | Crear | Mangonel |
| 26:39 | Construir | House |
| 26:40 | Construir | House |
| 26:41 | Construir | House |
| 26:41 | Construir | House |
| 26:45 | Crear | Villager (Male) |
| 26:47 | Crear | Villager (Male) |
| 26:47 | Crear | Villager (Male) |
| 27:12 | Construir | Lumber Camp |
| 27:16 | Crear | Villager (Male) |
| 27:20 | Crear | Archer |
| 27:20 | Crear | Archer |
| 27:49 | Crear | Archer |
Cronología de la partida
| 8:58 | CuerVoArG!!! · age_up feudal |
| 9:04 | HeXeN · first_building Barracks |
| 9:47 | Водитель По Губам · first_building Barracks |
| 10:22 | furtlegobelin · age_up feudal |
| 10:29 | furtlegobelin · first_building Barracks |
| 10:51 | HeXeN · age_up feudal |
| 10:52 | Водитель По Губам · age_up feudal |
| 11:49 | HeXeN · first_building Stable |
| 12:03 | furtlegobelin · first_building Archery Range |
| 12:35 | CuerVoArG!!! · age_up castle |
| 15:11 | Водитель По Губам · first_market_sell 100 wood |
| 15:13 | CuerVoArG!!! · first_building Archery Range |
| 15:54 | Водитель По Губам · first_building Stable |
| 18:07 | HeXeN · age_up castle |
| 18:15 | CuerVoArG!!! · first_building Siege Workshop |
| 18:59 | Водитель По Губам · age_up castle |
| 22:13 | CuerVoArG!!! · first_building Barracks |
| 22:42 | furtlegobelin · age_up castle |
| 22:57 | HeXeN · first_building Castle |
| 23:11 | furtlegobelin · first_building Siege Workshop |
| 23:16 | HeXeN · first_building Monastery |
| 26:56 | Водитель По Губам · first_building Monastery |
| 30:14 | CuerVoArG!!! · age_up imperial |
| 30:35 | CuerVoArG!!! · first_market_buy 100 stone |
| 30:54 | CuerVoArG!!! · first_building Castle |
| 32:28 | furtlegobelin · first_building Castle |
| 32:57 | CuerVoArG!!! · wall_segment Stone Wall x8 |
| 34:58 | HeXeN · age_up imperial |
| 35:18 | Водитель По Губам · first_building Castle |
| 36:11 | furtlegobelin · age_up imperial |
| 38:55 | CuerVoArG!!! · resign |
| 39:55 | Водитель По Губам · age_up imperial |
[ ANÁLISIS IA · 1 CRÉDITO ]
¿Qué pasó realmente en esta partida?
Wolo.gg analiza cada decisión: build order, eco, micro, errores típicos por bracket. Análisis personalizado por WhatsApp o Discord en 30 segundos.
Guía civ
Francos
Guía mapa
Arena
Perfil
HeXeR